 Dungeon Crawl Stone Soup version 0.30-a0-297-g0ec75d9ef4 (webtiles) character file.

Game seed: 12691785508397690150

497 MrRokkomies the Fighter (level 6, -4/77 HPs)
             Began as an Armataur Delver on Oct 19, 2022.
             Slain by a river rat (7 damage)
             ... in a sewer.
             The game lasted 00:04:54 (960 turns).

MrRokkomies the Fighter (Armataur Delver)            Turns: 960, Time: 00:04:55

Health: -4/77      AC:  5    Str: 17    XL:     6   Next: 93%
Magic:  6/6        EV: 10    Int: 11    God:
Gold:   43         SH:  0    Dex: 13    Spells: 5/5 levels left

rFire   . . .      SeeInvis .    a - +0 mace
rCold   . . .      Faith    .    (no shield)
rNeg    . . .      Spirit   .    b - +1 leather armour
rPois   .          Reflect  .    (no helmet)
rElec   .          Harm     .    (no cloak)
rCorr   .          Roll     +    (no gloves)
Will    .....                    (no barding)
Stlth   +++.......               (no amulet)
HPRegen 0.32/turn                (no ring)
MPRegen 0.10/turn                (no ring)

@: no status effects
A: large, rugged brown scales 3, deformed body, armoured tail, roll, long
tongue, awkward tongue
a: no special abilities


You were in a sewer.
You visited 1 branch of the dungeon, and saw 3 of its levels.
You also visited: Sewer.

You collected 43 gold pieces.

Inventory:

Hand Weapons
 a - a +0 mace (weapon)
Armour
 b - a +1 leather armour (worn)
Wands
 g - a wand of digging (3)
Scrolls
 c - a scroll of fog
 d - a scroll of magic mapping
 e - a scroll of fear
 m - a scroll of enchant weapon
Potions
 f - 2 potions of haste
 i - a potion of mutation


   Skills:
 * Level 13.2 Fighting
 - Level 1.7 Maces & Flails
 * Level 3.3 Armour
 + Level 2.1 Dodging
 - Level 5.4 Stealth


You had 5 spell levels left.
You didn't know any spells.
Your spell library was empty.

Dungeon Overview and Level Annotations

Branches:
Dungeon (5/15)              Sewer (1/1)
 Temple: D:4-7

Altars:
Zin


Innate Abilities, Weirdness & Mutations

You are completely covered in rugged brown scales. (AC +3, +7% HP)
Armour fits poorly on your strangely shaped body.
You have a long armoured tail.
You roll when moving toward enemies. (Rampage)
Your long tongue fully drains potion bottles. (2x potion effects)
Your tongue gives you trouble enunciating. (1.5x scroll delay)


Message History

You slurp down every last drop of the fizzy white potion!
It was a potion of experience.
You feel more experienced!
Your Fighting skill gained 10 levels and is now at level 13!
You have reached level 5!
You have reached level 6!
The adder bites you.
* * * LOW HITPOINT WARNING * * *
The jackal bites you but does no damage.
The river rat bites you but does no damage.
Unknown command.
Unknown command.
You closely miss the river rat. The adder barely misses you.
The jackal bites you.
* * * LOW HITPOINT WARNING * * *
The adder bites you but does no damage. The river rat bites you.
* * * LOW HITPOINT WARNING * * *
The jackal barely misses you.
You sock the river rat!
The river rat is severely wounded.
The jackal barely misses you. The adder bites you.
* * * LOW HITPOINT WARNING * * *
The river rat closely misses you. The adder closely misses you.
The jackal closely misses you.
You hit the river rat but do no damage.
The river rat is severely wounded.
The jackal bites you.
* * * LOW HITPOINT WARNING * * *
The river rat bites you.
* * * LOW HITPOINT WARNING * * *
The adder bites you.
* * * LOW HITPOINT WARNING * * *
The jackal closely misses you. The adder bites you but does no damage.
The river rat bites you.
* * * LOW HITPOINT WARNING * * *
You hit the river rat.
The river rat is severely wounded.
The jackal barely misses you. The adder closely misses you.
The river rat bites you!
You die...

## ## ##.## ≈≈# #....
≈≈≈# ##....##≈≈≈#
......#≈≈≈# ≈≈#
...~#≈≈≈# ≈≈# #hrS≈≈≈#
≈≈# #.@..≈≈# ≈b#
##.~.≈≈# ≈≈# #..~≈≈#
≈≈# ##.~≈≈#
≈≈###############.≈≈≈#
~~~~.~~.~.~~~.~.~~≈≈≈#
≈≈≈≈≈≈~~≈≈≈≈≈≈≈≈≈≈≈≈≈#
≈~~~~~~~~~~~~~~~~~~≈≈#
≈~####~~####~≈†###~≈≈#


You could see an adder, a river rat and a jackal.

Vanquished Creatures
  6 river rats (Sewer)
  5 adders
  A worm (Sewer)
  3 bats (Sewer)
  3 endoplasms (Sewer)
  3 giant cockroaches (Sewer)
  A goblin (D:3)
  2 jackals (Sewer)
  2 quokkas
  4 ball pythons
  4 frilled lizards (Sewer)
  A kobold (D:4)
  A rat (D:3)
36 creatures vanquished.

Notes
Turn   | Place    | Note
-------+----------+-------------------------------------------
     0 | D:5      | MrRokkomies the Armataur Delver began the quest for the
                  | Orb.
     0 | D:5      | Reached XP level 1. HP: 19/19 MP: 1/1
    45 | D:4      | Reached skill level 1 in Armour
    45 | D:4      | Reached XP level 2. HP: 21/26 MP: 2/2
    92 | D:4      | Found a glowing silver altar of Zin.
   126 | D:4      | Reached skill level 3 in Fighting
   274 | D:3      | Found a glowing drain.
   283 | Sewer    | Entered a sewer
   298 | Sewer    | Reached XP level 3. HP: 23/33 MP: 3/3
   589 | Sewer    | Reached XP level 4. HP: 40/40 MP: 4/4
   956 | Sewer    | Reached skill level 13 in Fighting
   956 | Sewer    | Reached XP level 5. HP: 15/68 MP: 5/5
   956 | Sewer    | Reached XP level 6. HP: 17/77 MP: 6/6
   959 | Sewer    | HP: 3/77 [river rat (3)]
   960 | Sewer    | Slain by a river rat

Illustrated notes

Levels and vault maps discovered:
D:3:      minmay_roachtagon, layout_basic, portal_sewer_entry_d,
          gammafunk_ghost_nasty_kobolds
D:4:      layout_basic, zin_scriptorium
D:5:      layout_basic, lemuel_zombie_altar_yredelemnul,
          minmay_temple_entry_statues_pillars, serial_glass, glass_columns_c,
          glass_columns_b, uniq_pikel
Sewer:    sewer_fruit_machine

Skill      XL: |  1  2  3  4 |
---------------+-------------+-----
Armour         | 1 2 3 |  3.3
Fighting       | 3 13 | 13.2
Dodging        | 2 |  2.1
Maces & Flails | |  1.7
Stealth        | |  5.4

Action                   |  1- 3 |  4- 6 || total
-------------------------+-------+-------++-------
Melee: Mace              |    92 |    40 ||   132
       Tailslap          |     9 |    10 ||    19
  Use: Scroll            |     5 |       ||     5
       Potion            |     1 |     1 ||     2
 Stab: Sleeping          |     3 |     3 ||     6
Armor: Leather armour    |    73 |    11 ||    84
Dodge: Dodged            |    71 |    28 ||    99

Table legend: (Time is in decaauts)
 A = Elapsed time spent in this place.
 B = Non-inter-level travel time spent in this place.
 C = Inter-level travel time spent in this place.
 D = Time resting spent in this place.
 E = Time spent auto-exploring this place.
 F = Levels seen in this place.
 G = Mean time per level.
                   A        B        C        D        E       F      G
               +--------+--------+--------+--------+--------+-----+--------+
         Total |   1093 |   1058 |     35 |    244 |    380 |   4 |  273.2 |
       Dungeon |    292 |    257 |     35 |      4 |    168 |   3 |   97.3 |
         Sewer |    800 |    800 |      0 |    240 |    212 |   1 |  800.0 |
               +--------+--------+--------+--------+--------+-----+--------+

Top non-repeatable levels by time:
   Sewer: 800 daAuts
     D:4: 203 daAuts
     D:3: 64 daAuts
     D:5: 25 daAuts
